 Dungeon Crawl Stone Soup version 0.28.0-45-g0d030f2227 (webtiles) character file.

Game seed: 8822957277284531172

1490 Kangaroobicon the Grappler (level 8, -1/78 HPs)
             Began as a Troll Berserker on Apr 2, 2022.
             Was a Priest of Trog.
             Slain by a yak (7 damage)
             ... on level 5 of the Dungeon.
             The game lasted 00:38:39 (3812 turns).

Kangaroobicon the Grappler (Troll Berserker)        Turns: 3812, Time: 00:38:39

Health: -1/78      AC:  4    Str: 26    XL:     8   Next: 51%
Magic:  7/7        EV: 10    Int:  5    God:    Trog [***...]
Gold:   191        SH:  0    Dex:  9    Spells: 7/7 levels left

rFire   . . .      SeeInvis +     - Unarmed
rCold   . . .      Faith    .   (no shield)
rNeg    . . .      Spirit   .   a - +0 animal skin
rPois   .          Reflect  .   (helmet restricted)
rElec   .          Harm     .   (no cloak)
rCorr   .          Rampage  .   (gloves unavailable)
Will    .....                   (boots unavailable)
Stlth   +.........              (no amulet)
HPRegen 1.03/turn               e - ring of see invisible
MPRegen 0.10/turn               (no ring)

@: no status effects
A: large, unfitting armour, claws 3, regeneration 1, shaggy fur 1, tough skin 1
a: Renounce Religion, Berserk, Trog's Hand


You were on level 5 of the Dungeon.
You worshipped Trog.
Trog was most pleased with you.
You visited 2 branches of the dungeon, and saw 6 of its levels.

You collected 191 gold pieces.

Inventory:

Hand Weapons
 m - a +0 giant spiked club
 q - a +0 giant spiked club
 t - a +0 shortbow
Missiles
 b - 191 stones
 d - 85 sling bullets
 o - 4 poisoned darts (quivered)
 u - 24 arrows
Armour
 a - a +0 animal skin (worn)
Jewellery
 e - a ring of see invisible (left claw)
Scrolls
 j - a scroll of vulnerability {unknown}
 k - 2 scrolls of teleportation {unknown}
 l - a scroll of immolation {unknown}
 n - a scroll of blinking {unknown}
 p - 2 scrolls of identify {unknown}
Potions
 c - a potion of ambrosia {unknown}
 f - a potion of magic {unknown}
 h - 2 potions of curing {unknown}
 i - 2 potions of mutation {unknown}
 r - a potion of lignification {unknown}
 s - a potion of invisibility {unknown}


   Skills:
 + Level 4.1 Fighting
 + Level 2.3 Throwing
 + Level 4.5 Dodging
 + Level 1.3 Stealth
 + Level 8.3 Unarmed Combat


You had 7 spell levels left.
You didn't know any spells.
Your spell library was empty.

Dungeon Overview and Level Annotations

Branches:
Dungeon (5/15)             Temple (1/1) D:4

Altars:
Ashenzari
Cheibriados
Fedhas
Gozag
Kikubaaqudgha
Makhleb
Nemelex Xobeh
Okawaru
Qazlal
Sif Muna
Trog
Uskayaw
Vehumet
Yredelemnul
Zin
The Shining One

Shops:
D:4 *


Innate Abilities, Weirdness & Mutations

You are too large for most types of armour.
You have claws for hands.
Your natural rate of healing is unusually fast.
You are covered in fur. (AC +1)
You have tough skin. (AC +1)


Message History

You scratch the iguana but do no damage.
The yak gores you! The iguana bites you!
* * * LOW HITPOINT WARNING * * *
The yak gores you!
* * * LOW HITPOINT WARNING * * *
You mangle the iguana!!
You kill the iguana!
Trog accepts your kill. The yak gores you but does no damage.
The yak gores you.
* * * LOW HITPOINT WARNING * * *
The yak barely misses you.
Your Unarmed Combat skill increases to level 8!
You feel much better. The yak barely misses you. The yak gores you!
* * * LOW HITPOINT WARNING * * *
The yak gores you!
* * * LOW HITPOINT WARNING * * *
You claw the yak!
The yak is moderately wounded.
The yak closely misses you. The yak closely misses you.
You scratch the yak.
The yak is lightly wounded.
You mangle the yak!!
The yak is heavily wounded.
The yak barely misses you.
You mangle the yak!!
You kill the yak!
Trog accepts your kill. The yak gores you!
* * * LOW HITPOINT WARNING * * *
You scratch the yak.
The yak is moderately wounded.
You mangle the yak!!
The yak is almost dead.
The yak gores you!
* * * LOW HITPOINT WARNING * * *
You completely miss the yak.
The yak is almost dead.
The yak gores you!
You die...

# ### ### #.#<############ #.#
#..........[...######.#
#.#...................#
#.#.....#@Y....######.#
#.#....<#Y######## #.# ..
#.#.#####........####.# ....
#.#........#........#.#
....####'#.................#.#
..............†............#.#
...........................#.#
.............##............#.#
#...>......###............#.####


You could see 2 yaks.

Vanquished Creatures
  Grinder (D:4)
  Sigmund (D:3)
  2 yaks (D:5)
  Menkaure (D:4)
  A necrophage (D:5)
  An ogre (D:4)
  A centaur (D:5)
  2 scorpions
  A bullfrog skeleton (D:4)
  An orc priest (D:4)
  An iguana (D:5)
  2 orc wizards (D:5)
  4 gnolls (D:4)
  8 adders
  3 worms
  3 dart slugs
  11 orcs
  4 ball pythons
  5 bats
  9 endoplasms
  12 giant cockroaches
  6 goblins
  3 hobgoblins
  A quokka (D:4)
  2 frilled lizards
  7 kobolds
  4 rats (D:1)
97 creatures vanquished.

Notes
Turn   | Place    | Note
-------+----------+-------------------------------------------
     0 | D:1      | Kangaroobicon the Troll Berserker began the quest for the
                  | Orb.
     0 | D:1      | Reached XP level 1. HP: 22/22 MP: 0/0
   188 | D:1      | Reached XP level 2. HP: 29/29 MP: 1/1
   452 | D:1      | Reached XP level 3. HP: 36/36 MP: 2/2
   464 | D:1      | Reached ** piety under Trog
  1569 | D:2      | Found a faded altar of an unknown god.
  1735 | D:2      | Reached skill level 4 in Unarmed Combat
  2055 | D:2      | Reached XP level 4. HP: 44/44 MP: 3/3
  2417 | D:3      | Noticed Sigmund
  2427 | D:3      | Killed Sigmund
  2428 | D:3      | Reached skill level 5 in Unarmed Combat
  2428 | D:3      | Reached XP level 5. HP: 37/52 MP: 4/4
  2540 | D:3      | Reached XP level 6. HP: 59/61 MP: 5/5
  2627 | D:3      | Reached *** piety under Trog
  2805 | D:4      | Found Xeuz's Assorted Antiques.
  2946 | D:4      | Noticed Grinder
  2997 | D:4      | Paralysed by Grinder for 3 turns
  3009 | D:4      | Paralysed by Grinder for 7 turns
  3026 | D:4      | Paralysed by Grinder for 4 turns
  3030 | D:4      | Killed Grinder
  3031 | D:4      | Reached skill level 1 in Throwing
  3031 | D:4      | Reached skill level 1 in Stealth
  3031 | D:4      | Reached skill level 6 in Unarmed Combat
  3031 | D:4      | Reached XP level 7. HP: 31/67 MP: 6/6
  3071 | D:4      | Noticed Menkaure
  3095 | D:4      | Killed Menkaure
  3145 | D:4      | Found a radiant altar of Vehumet.
  3238 | D:4      | Found a staircase to the Ecumenical Temple.
  3241 | D:4      | Reached skill level 7 in Unarmed Combat
  3245 | Temple   | Entered the Ecumenical Temple
  3497 | D:5      | Entered Level 5 of the Dungeon
  3675 | D:5      | Found a blossoming altar of Fedhas.
  3676 | D:5      | Found a snail-covered altar of Cheibriados.
  3729 | D:5      | Reached XP level 8. HP: 78/78 MP: 7/7
  3793 | D:5      | Reached skill level 8 in Unarmed Combat
  3812 | D:5      | Slain by a yak

Illustrated notes

Levels and vault maps discovered:
D:1:      dpeg_arrival_rhombi, layout_basic, chequers_serial_rivers_small_b,
          minmay_worlds_worst_comb
D:2:      minmay_wonky_spiral, layout_basic,
          ebering_ecumenical_altar_sacrificial
D:3:      layout_basic, palyth_stone_intersect, uniq_sigmund
D:4:      wander_river, layout_rooms, mainiacjoe_overflow_six_doors_small,
          minmay_temple_entry_proselytizer, serial_shops, shop,
          kennysheep_nondescript, uniq_grinder, uniq_menkaure
D:5:      layout_basic, chequers_temple_overflow_statue_of_worship,
          minmay_misc_feat_alley
Temple:   dshaligram_water_room_temple

Skill      XL: |  1  2  3  4  5  6  7  8 |
---------------+-------------------------+-----
Unarmed Combat | 4 5 6 7 8 |  8.3
Dodging        | 3 4 |  4.5
Fighting       | 3 4 |  4.1
Throwing       | 1 2 |  2.3
Stealth        | 1 |  1.3

Action                   |  1- 3 |  4- 6 |  7- 9 || total
-------------------------+-------+-------+-------++-------
Melee: Unarmed           |   104 |    91 |    70 ||   265
       Punch             |       |     2 |     1 ||     3
Throw: Stone             |     8 |    15 |       ||    23
       Dart              |       |       |     8 ||     8
  Use: Scroll            |     1 |       |       ||     1
       Potion            |       |     1 |     1 ||     2
Armor: Animal skin       |    37 |    17 |    14 ||    68
Dodge: Dodged            |    40 |    57 |    29 ||   126
